 Dungeon Crawl Stone Soup version 0.29.0-4-gdea44cf6ec (webtiles) character file.

Game seed: 11540330090074972355

5182 qw the Cleaver (level 10, -2/57 (60) HPs)
             Began as a Tengu Warper on Aug 28, 2022.
             Was an Elder of Okawaru.
             Succumbed to a gnoll sergeant's poison
             ... on level 8 of the Dungeon.
             The game lasted 00:00:59 (9314 turns).

qw the Cleaver (Tengu Warper)                       Turns: 9314, Time: 00:01:00

HP:   -2/57 (60)    AC: 17    Str: 15    XL:     10   Next: 60%
MP:   13/14         EV: 13    Int: 14    God:    Okawaru [****..]
Gold: 453           SH:  0    Dex: 14    Spells: 13/13 levels left

rFire   . . .      SeeInvis .   Y - +0 war axe
rCold   + . .      Faith    .   (no shield)
rNeg    . . .      Spirit   .   a - +0 plate armour
rPois   .          Reflect  .   (helmet restricted)
rElec   .          Harm     .   m - +0 cloak
rCorr   .          Rampage  .   f - +0 pair of gloves
Will    .....                   (boots unavailable)
Stlth   ..........              v - amulet of the acrobat
HPRegen 0.19/turn               k - +4 ring of evasion
MPRegen 0.14/turn               t - ring of protection from cold

@: lethally poisoned (-2 -> -17), heroic, flying quickly and evasively, drained,
quick
A: beak, talons 3, nimble flight
a: Renounce Religion, Heroism, Finesse


You were on level 8 of the Dungeon.
You worshipped Okawaru.
Okawaru was greatly pleased with you.
You visited 2 branches of the dungeon, and saw 9 of its levels.

You collected 488 gold pieces.
You spent 35 gold pieces at shops.


Innate Abilities, Weirdness & Mutations

You have a beak for a mouth.
You have claws for feet.
Your magical nature lets you fly swiftly and evasively.


   Skills:
 - Level 6.0(11.0) Fighting
 - Level 12.1(17.1) Axes
 - Level 4.1(9.1) Throwing
 + Level 5.9(10.9) Armour
 - Level 3.1(8.1) Dodging
 - Level 2.0 Spellcasting
 - Level 2.4 Translocations
 + Level 5.0 Invocations


You had 13 spell levels left.
You didn't know any spells.
Your spell library contained the following spells:

 Spells                   Type           Power      Damage    Failure   Level
 Blink                    Tloc           16%        N/A       99%         2
 Gell's Gravitas          Tloc           8%         N/A       100%        3
 Lesser Beckoning         Tloc           8%         N/A       100%        3
 Teleport Other           Tloc           8%         N/A       100%        3
 Manifold Assault         Tloc           8%         N/A       100%        5

Inventory:

Hand Weapons
 n - a +0 flail
 Y - a +0 war axe (weapon)
Missiles
 c - a boomerang
 d - 3 javelins (quivered)
Armour
 a - a +0 plate armour (worn)
 f - a +0 pair of gloves (worn)
 m - a +0 cloak (worn)
Jewellery
 k - a +4 ring of evasion (left hand)
 l - a ring of fire
 t - a ring of protection from cold (right hand)
 u - a +6 ring of dexterity
 v - an amulet of the acrobat (around neck)
Scrolls
 e - a scroll of enchant armour {unknown}
 r - 3 scrolls of identify
Potions
 b - 2 potions of haste
 g - a potion of mutation
 h - a potion of curing
 j - a potion of resistance
 q - a potion of attraction {unknown}
 s - a potion of might {unknown}

Dungeon Overview and Level Annotations

Branches:
Dungeon (8/15)             Temple (1/1) D:4
   Lair: D:8-11

Altars:
Ashenzari
Cheibriados
Dithmenos
Elyvilon
Fedhas
Gozag
Hepliaklqana
Kikubaaqudgha
Makhleb
Nemelex Xobeh
Okawaru
Qazlal
Ru
Sif Muna
Trog
Uskayaw
Vehumet
Wu Jian
Yredelemnul
Zin

Shops:
D:1 !   D:2 (


Message History

The gnoll hits you with a +0 flail of holy wrath.
The gnoll sergeant hits you but does no damage.
You are lethally poisoned!
You barely miss the gnoll.
The gnoll is severely wounded.
You slash the gnoll sergeant!
You feel very sick.
The gnoll hits you with a +0 flail of holy wrath.
The gnoll sergeant completely misses you.
You barely miss the gnoll.
The gnoll is severely wounded.
The gnoll sergeant blocks your attack.
You feel very sick.
You closely miss the gnoll. Your peck misses the gnoll.
The gnoll is severely wounded.
You barely miss the gnoll sergeant.
You feel very sick. The gnoll hits you but does no damage.
The gnoll sergeant closely misses you.
You slice the gnoll!!
You kill the gnoll!
Okawaru accepts your kill.
You hit the gnoll sergeant.
You feel sick.
The gnoll sergeant completely misses you.
You hit the gnoll sergeant but do no damage.
Your kick misses the gnoll sergeant.
The gnoll sergeant is heavily wounded.
You feel sick.
The gnoll sergeant blocks your attack. x2
You peck the gnoll sergeant, but do no damage.
The gnoll sergeant is heavily wounded.
You feel sick. The gnoll sergeant barely misses you.
The gnoll sergeant blocks your attack.
The gnoll sergeant is heavily wounded.
You feel sick.
The gnoll sergeant hits you but does no damage.
You are more poisoned.
You barely miss the gnoll sergeant. You claw the gnoll sergeant.
The gnoll sergeant is severely wounded.
You die...

.<.....##.#............###..# #.
#...................##...##)####.
##...#..##..........#..#>##%)....
#####..###.........#[##.########
#..............#.##.###### # ..
#######.......##......### ..
###.#...##.......#. ###
#######)....#..........
#....g@.............>..
......)......#.........#
##.########.[..........#
#..#.........# ##...........#
###.......... #...<......
.........# .........


You could see a gnoll sergeant.

Vanquished Creatures
  Pikel (D:7)
  Prince Ribbit (D:5)
  A troll (D:8)
  Sigmund (D:5)
  5 yaks (D:7)
  2 steam dragons
  A water moccasin (D:5)
  3 orc warriors
  6 ice beasts
  A black bear (D:5)
  2 ogres
  A phantom (D:5)
  2 centaurs
  2 lemures (D:7)
  A kobold brigand (D:7)
  A bullfrog (D:8)
  3 necrophages
  3 scorpions
  5 wights (D:8)
  4 killer bees (D:6)
  5 hounds
  5 orc priests
  A gnoll bouda (D:6)
  An iguana (D:5)
  7 orc wizards
  6 gnolls
  8 adders
  2 river rats (D:4)
  2 shadow imps
  A white imp (D:6)
  An ufetubus (D:4)
  4 worms
  4 dart slugs
  22 orcs
  8 ball pythons
  2 bats
  4 endoplasms
  7 giant cockroaches
  8 goblins
  9 hobgoblins
  7 jackals
  11 kobolds
  3 quokkas
  10 frilled lizards
  5 rats
189 creatures vanquished.

Vanquished Creatures (others)
  8 plants (D:1)
  4 toadstools (D:1)
12 creatures vanquished.

Grand Total: 201 creatures vanquished

Notes
Turn   | Place    | Note
-------+----------+-------------------------------------------
     0 | D:1      | qw the Tengu Warper began the quest for the Orb.
     0 | D:1      | Reached XP level 1. HP: 12/12 MP: 4/4
     0 | D:1      | 0 ||| qw: Version: 0.1-a-89-g26bdef1
     0 | D:1      | 0 ||| qw: Game counter: 1598
     0 | D:1      | 0 ||| qw: Always use a shield: true
     0 | D:1      | 0 ||| qw: God list: Okawaru
     0 | D:1      | 0 ||| qw: Allow faded altars: false
     0 | D:1      | 0 ||| qw: Do Orc after D:15 true
     0 | D:1      | 0 ||| qw: Do second Lair branch before Depths: true
     0 | D:1      | 0 ||| qw: Lair rune preference: random
     0 | D:1      | 0 ||| qw: Plans: Normal
     0 | D:1      | 0 ||| PLANNING D:1-11
    27 | D:1      | 27 ||| Stepping ~*~*~tactically~*~*~ (stealth).
    93 | D:1      | 93 ||| Stepping ~*~*~tactically~*~*~ (stealth).
    94 | D:1      | 94 ||| Stepping ~*~*~tactically~*~*~ (stealth).
    99 | D:1      | Reached XP level 2. HP: 17/17 MP: 6/6
   102 | D:1      | Reached skill level 3 in Axes
   157 | D:1      | 157 ||| Stepping ~*~*~tactically~*~*~ (stealth).
   287 | D:1      | 287 ||| Stepping ~*~*~tactically~*~*~ (stealth).
   291 | D:1      | 291 ||| Stepping ~*~*~tactically~*~*~ (stealth).
   512 | D:1      | Found Omimasuk's Distillery.
   525 | D:1      | 525 ||| SHOPLISTING potion of cancellation (80 gold, have
                  | 6).
   525 | D:1      | 525 ||| SHOPLISTING potion of haste (100 gold, have 6).
   663 | D:1      | 663 ||| Stepping ~*~*~tactically~*~*~ (hiding).
   669 | D:1      | Reached XP level 3. HP: 17/21 MP: 7/7
   753 | D:1      | 753 ||| Stepping ~*~*~tactically~*~*~ (stealth).
   852 | D:1      | 852 ||| DROPPING +0 club.
  1034 | D:1      | 1034 ||| UPGRADING to +0 pair of gloves.
  1039 | D:1      | 1039 ||| READING scroll labelled WAACIGG VEIKA.
  1040 | D:1      | 1040 ||| READING scroll labelled ESODURA AGOLOD.
  1141 | D:1      | 1141 ||| DRINKING 3 green potions.
  1142 | D:1      | 1142 ||| DROPPING scroll of blinking.
  1172 | D:2      | Found a stormy altar of Qazlal.
  1176 | D:2      | 1176 ||| STAIRDANCE
  1179 | D:2      | 1179 ||| STAIRDANCE
  1187 | D:1      | Reached skill level 4 in Axes
  1237 | D:2      | Found Laoniulyota's Weapon Boutique.
  1351 | D:2      | 1351 ||| Stepping ~*~*~tactically~*~*~ (stealth).
  1353 | D:2      | 1353 ||| Stepping ~*~*~tactically~*~*~ (stealth).
  1356 | D:2      | You fall into a shaft and drop 1 floor!
  1365 | D:3      | Found a faded altar of an unknown god.
  1544 | D:3      | 1544 ||| READING scroll labelled UPTUX OMIARCH.
  1545 | D:3      | 1545 ||| READING scroll labelled CUJAL WUKHLIRA.
  1556 | D:2      | Reached XP level 4. HP: 15/26 MP: 8/8
  1782 | D:2      | 1782 ||| Stepping ~*~*~tactically~*~*~ (stealth).
  1932 | D:2      | 1932 ||| BUYING +0 flail (35 gold).
  1932 | D:2      | Bought a +0 flail for 35 gold pieces
  1932 | D:2      | 1932 ||| DROPPING +0 mace.
  2164 | D:2      | 2164 ||| UPGRADING to +0 chain mail.
  2174 | D:2      | 2174 ||| DROPPING +0 leather armour.
  2175 | D:2      | 2175 ||| UPGRADING to +0 cloak.
  2180 | D:2      | 2180 ||| UPGRADING to +4 ring of evasion.
  2181 | D:2      | 2181 ||| DRINKING 2 black potions.
  2182 | D:2      | 2182 ||| DRINKING 4 fizzy blue potions.
  2434 | D:3      | Reached skill level 5 in Axes
  2741 | D:3      | 2741 ||| UPGRADING to +6 ring of dexterity.
  2742 | D:3      | 2742 ||| READING 3 scrolls labelled LOTOLE FIDWEI.
  2743 | D:3      | 2743 ||| READING 2 scrolls of enchant weapon.
  2743 | D:3      | 2743 ||| ENCHANTING +1 hand axe.
  2744 | D:3      | 2744 ||| READING scroll of enchant weapon.
  2744 | D:3      | 2744 ||| ENCHANTING +2 hand axe.
  2745 | D:3      | 2745 ||| DRINKING 2 yellow potions.
  2746 | D:3      | 2746 ||| DROPPING potion of invisibility.
  2778 | D:4      | 2778 ||| PLANNING SEWER
  2822 | D:4      | Noticed an ogre
  2832 | D:4      | HP: 3/26 [ogre/+0 giant club (13)]
  2833 | D:4      | 2833 ||| DRINKING 3 potions of heal wounds.
  2834 | D:4      | 2834 ||| Stepping ~*~*~tactically~*~*~ (stealth).
  2835 | D:4      | 2835 ||| FLEEEEING.
  2839 | D:4      | Killed an ogre
  2840 | D:4      | Reached skill level 3 in Armour
  2840 | D:4      | Gained mutation: Your magical nature lets you fly swiftly
                  | and evasively. [Tengu growth]
  2840 | D:4      | Reached XP level 5. HP: 20/30 MP: 9/9
  2990 | D:4      | Found a staircase to the Ecumenical Temple.
  2991 | D:4      | 2991 ||| PLANNING TEMPLE
  2996 | D:4      | Reached XP level 6. HP: 35/35 MP: 10/10
  2996 | D:4      | 2996 ||| DROPPING +6 ring of intelligence.
  2997 | D:4      | 2997 ||| DRINKING 2 fuming pink potions.
  3004 | Temple   | Entered the Ecumenical Temple
  3115 | Temple   | Became a worshipper of Warmaster Okawaru
  3139 | Temple   | 3139 ||| PLANNING SEWER
  3174 | D:4      | 3174 ||| SWAPPING to +0 war axe.
  3188 | D:4      | 3188 ||| FLEEEEING.
  3189 | D:4      | 3189 ||| FLEEEEING.
  3190 | D:4      | 3190 ||| FLEEEEING.
  3192 | D:4      | 3192 ||| FLEEEEING.
  3193 | D:4      | 3193 ||| FLEEEEING.
  3194 | D:4      | 3194 ||| FLEEEEING.
  3195 | D:4      | 3195 ||| FLEEEEING.
  3200 | D:4      | 3200 ||| FLEEEEING.
  3204 | D:4      | 3204 ||| FLEEEEING.
  3205 | D:4      | 3205 ||| FLEEEEING.
  3219 | D:4      | 3219 ||| FLEEEEING.
  3221 | D:4      | 3221 ||| FLEEEEING.
  3222 | D:4      | 3222 ||| FLEEEEING.
  3223 | D:4      | 3223 ||| FLEEEEING.
  3224 | D:4      | 3224 ||| FLEEEEING.
  3225 | D:4      | 3225 ||| FLEEEEING.
  3226 | D:4      | 3226 ||| FLEEEEING.
  3227 | D:4      | 3227 ||| STAIRDANCE
  3263 | D:3      | 3263 ||| DROPPING +3 hand axe.
  3266 | D:4      | 3266 ||| Stepping ~*~*~tactically~*~*~ (hiding).
  3268 | D:4      | 3268 ||| Stepping ~*~*~tactically~*~*~ (hiding).
  3270 | D:4      | 3270 ||| Stepping ~*~*~tactically~*~*~ (hiding).
  3298 | D:4      | Reached skill level 6 in Axes
  3363 | D:4      | 3363 ||| Stepping ~*~*~tactically~*~*~ (stealth).
  3367 | D:4      | 3367 ||| FLEEEEING.
  3368 | D:4      | 3368 ||| FLEEEEING.
  3369 | D:4      | 3369 ||| FLEEEEING.
  3370 | D:4      | 3370 ||| FLEEEEING.
  3371 | D:4      | 3371 ||| FLEEEEING.
  3372 | D:4      | 3372 ||| FLEEEEING.
  3373 | D:4      | 3373 ||| FLEEEEING.
  3394 | D:4      | 3394 ||| FLEEEEING.
  3399 | D:4      | 3399 ||| FLEEEEING.
  3400 | D:4      | 3400 ||| FLEEEEING.
  3401 | D:4      | 3401 ||| FLEEEEING.
  3402 | D:4      | 3402 ||| FLEEEEING.
  3420 | D:4      | 3420 ||| FLEEEEING.
  3421 | D:4      | 3421 ||| STAIRDANCE
  3451 | D:4      | 3451 ||| RIP SEWER
  3452 | D:4      | 3452 ||| PLANNING D:1-11
  3640 | D:4      | 3640 ||| Stepping ~*~*~tactically~*~*~ (stealth).
  3865 | D:4      | 3865 ||| READING scroll labelled SENIUM YDUNK.
  3923 | D:5      | Entered Level 5 of the Dungeon
  3923 | D:5      | Noticed Sigmund
  3940 | D:5      | HP: 6/35 [something/magic dart (8)]
  3943 | D:5      | 3943 ||| DRINKING 5 potions of curing.
  3943 | D:5      | 3943 ||| (to cure confusion)
  3944 | D:5      | Killed Sigmund
  3944 | D:5      | Reached * piety under Okawaru
  3945 | D:5      | Reached skill level 7 in Axes
  3945 | D:5      | Reached XP level 7. HP: 16/40 MP: 11/11
  4164 | D:5      | 4164 ||| Stepping ~*~*~tactically~*~*~ (stealth).
  4170 | D:5      | 4170 ||| Stepping ~*~*~tactically~*~*~ (hiding).
  4172 | D:5      | Noticed Prince Ribbit
  4173 | D:5      | 4173 ||| INVOKING Heroism.
  4176 | D:5      | 4176 ||| Stepping ~*~*~tactically~*~*~ (hiding).
  4184 | D:5      | 4184 ||| INVOKING Heroism.
  4190 | D:5      | Killed Prince Ribbit
  4191 | D:5      | Reached skill level 3 in Fighting
  4223 | D:5      | 4223 ||| FLEEEEING.
  4224 | D:5      | 4224 ||| FLEEEEING.
  4225 | D:5      | 4225 ||| FLEEEEING.
  4226 | D:5      | 4226 ||| FLEEEEING.
  4228 | D:5      | 4228 ||| FLEEEEING.
  4229 | D:5      | 4229 ||| FLEEEEING.
  4230 | D:5      | 4230 ||| FLEEEEING.
  4231 | D:5      | 4231 ||| FLEEEEING.
  4232 | D:5      | 4232 ||| FLEEEEING.
  4233 | D:5      | 4233 ||| FLEEEEING.
  4234 | D:5      | 4234 ||| FLEEEEING.
  4237 | D:5      | 4237 ||| FLEEEEING.
  4240 | D:5      | 4240 ||| FLEEEEING.
  4244 | D:5      | 4244 ||| FLEEEEING.
  4245 | D:5      | 4245 ||| STAIRDANCE
  4521 | D:5      | 4521 ||| INVOKING Heroism.
  4530 | D:5      | Reached XP level 8. HP: 46/46 MP: 10/12
  4929 | D:5      | 4929 ||| INVOKING Heroism.
  4942 | D:5      | Reached skill level 8 in Axes
  4942 | D:5      | Reached skill level 3 in Invocations
  5036 | D:5      | 5036 ||| INVOKING Heroism.
  5037 | D:5      | 5037 ||| INVOKING Heroism.
  5292 | D:5      | 5292 ||| Stepping ~*~*~tactically~*~*~ (hiding).
  5457 | D:5      | 5457 ||| UPGRADING to amulet of the acrobat.
  5462 | D:5      | 5462 ||| UPGRADING to ring of protection from cold.
  5464 | D:5      | 5464 ||| READING scroll labelled SATERR UQAZE.
  5465 | D:5      | 5465 ||| READING scroll labelled JITTUT FUYHI.
  5466 | D:5      | 5466 ||| READING scroll labelled KETSOSMUFRI.
  5488 | D:6      | 5488 ||| STAIRDANCE
  5495 | D:6      | Reached skill level 9 in Axes
  5521 | D:6      | Reached ** piety under Okawaru
  5527 | D:6      | 5527 ||| INVOKING Heroism.
  5528 | D:6      | 5528 ||| Stepping ~*~*~tactically~*~*~ (hiding).
  5561 | D:6      | 5561 ||| INVOKING Heroism.
  5790 | D:6      | 5790 ||| INVOKING Heroism.
  5810 | D:6      | Reached XP level 9. HP: 38/52 MP: 13/13
  5812 | D:6      | Reached skill level 10 in Axes
  6053 | D:6      | 6053 ||| INVOKING Heroism.
  6083 | D:6      | Found a faded altar of an unknown god.
  6083 | D:6      | Found a faded altar of an unknown god.
  6090 | D:6      | Found a bloodstained altar of Trog.
  6093 | D:6      | 6093 ||| Stepping ~*~*~tactically~*~*~ (stealth).
  6097 | D:6      | 6097 ||| INVOKING Heroism.
  6100 | D:6      | HP: 13/53 [centaur/arrow (5)]
  6101 | D:6      | 6101 ||| DRINKING 2 potions of heal wounds.
  6104 | D:6      | 6104 ||| DRINKING potion of heal wounds.
  6108 | D:6      | Reached skill level 3 in Dodging
  6110 | D:6      | 6110 ||| DRINKING 5 potions of curing.
  6110 | D:6      | 6110 ||| (to cure poison)
  6275 | D:6      | Found an opulent altar of Gozag.
  6277 | D:6      | Found an ancient bone altar of Kikubaaqudgha.
  6674 | D:6      | 6674 ||| DRINKING 2 blue potions.
  6711 | D:6      | 6711 ||| READING 3 scrolls of identify.
  6711 | D:6      | 6711 ||| IDENTIFYING viscous golden potion
  6712 | D:6      | 6712 ||| READING 2 scrolls of identify.
  6712 | D:6      | 6712 ||| IDENTIFYING golden potion
  6713 | D:6      | 6713 ||| DROPPING potion of degeneration.
  6714 | D:6      | 6714 ||| DROPPING potion of flight.
  6715 | D:6      | 6715 ||| DROPPING potion of lignification.
  6748 | D:7      | 6748 ||| Stepping ~*~*~tactically~*~*~ (hiding).
  6750 | D:7      | 6750 ||| Stepping ~*~*~tactically~*~*~ (hiding).
  6755 | D:7      | 6755 ||| INVOKING Heroism.
  6761 | D:7      | 6761 ||| Stepping ~*~*~tactically~*~*~ (stealth).
  6768 | D:7      | 6768 ||| Stepping ~*~*~tactically~*~*~ (stealth).
  6773 | D:7      | 6773 ||| Stepping ~*~*~tactically~*~*~ (stealth).
  6776 | D:7      | 6776 ||| INVOKING Heroism.
  6779 | D:7      | 6779 ||| Stepping ~*~*~tactically~*~*~ (stealth).
  6943 | D:7      | 6943 ||| INVOKING Heroism.
  7154 | D:7      | Noticed Pikel
  7155 | D:7      | 7155 ||| Stepping ~*~*~tactically~*~*~ (hiding).
  7159 | D:7      | 7159 ||| INVOKING Heroism.
  7165 | D:7      | 7165 ||| DRINKING 4 potions of curing.
  7165 | D:7      | 7165 ||| (to cure confusion)
  7172 | D:7      | HP: 10/54 [Pikel/bolt of light (4)]
  7173 | D:7      | 7173 ||| READING scroll of teleportation.
  7174 | D:7      | 7174 ||| DRINKING 3 potions of curing.
  7174 | D:7      | 7174 ||| (to cure confusion)
  7175 | D:7      | Killed Pikel
  7175 | D:7      | Reached *** piety under Okawaru
  7441 | D:7      | Reached skill level 11 in Axes
  7474 | D:7      | 7474 ||| Stepping ~*~*~tactically~*~*~ (hiding).
  7478 | D:7      | 7478 ||| INVOKING Heroism.
  7573 | D:7      | 7573 ||| INVOKING Heroism.
  7690 | D:7      | 7690 ||| Stepping ~*~*~tactically~*~*~ (stealth).
  7692 | D:7      | 7692 ||| INVOKING Heroism.
  7700 | D:7      | Reached XP level 10. HP: 51/59 MP: 11/14
  7757 | D:7      | 7757 ||| INVOKING Heroism.
  7774 | D:7      | 7774 ||| DRINKING 2 potions of curing.
  7774 | D:7      | 7774 ||| (to cure confusion)
  7874 | D:7      | 7874 ||| INVOKING Heroism.
  7889 | D:7      | Reached skill level 12 in Axes
  7905 | D:7      | Reached **** piety under Okawaru
  7906 | D:7      | Reached skill level 6 in Fighting
  8172 | D:7      | Found a shimmering blue altar of Sif Muna.
  8214 | D:7      | 8214 ||| INVOKING Heroism.
  8221 | D:7      | HP: 12/60 [steam dragon] (9)]
  8223 | D:7      | 8223 ||| Stepping ~*~*~tactically~*~*~ (cloud).
  8745 | D:7      | 8745 ||| UPGRADING to +0 plate armour.
  8755 | D:7      | 8755 ||| DROPPING +0 chain mail.
  8756 | D:7      | 8756 ||| READING 3 scrolls of identify.
  8756 | D:7      | 8756 ||| IDENTIFYING fizzy golden potion
  8757 | D:7      | 8757 ||| READING 2 scrolls of identify.
  8757 | D:7      | 8757 ||| IDENTIFYING smoky purple potion
  8758 | D:7      | 8758 ||| DROPPING potion of brilliance.
  8838 | D:8      | 8838 ||| Stepping ~*~*~tactically~*~*~ (stealth).
  8840 | D:8      | 8840 ||| Stepping ~*~*~tactically~*~*~ (stealth).
  8841 | D:8      | 8841 ||| INVOKING Heroism.
  8958 | D:8      | 8958 ||| Stepping ~*~*~tactically~*~*~ (hiding).
  9075 | D:8      | 9075 ||| Stepping ~*~*~tactically~*~*~ (hiding).
  9083 | D:8      | 9083 ||| INVOKING Heroism.
  9101 | D:8      | 9101 ||| Stepping ~*~*~tactically~*~*~ (cloud).
  9303 | D:8      | 9303 ||| INVOKING Heroism.
  9307 | D:8      | HP: 13/56 [gnoll/+0 flail of holy wrath[a gnoll sergeant]
                  | (5)]
  9310 | D:8      | HP: 5/56 [poisoned by a gnoll sergeant]
  9312 | D:8      | HP: 1/57 [poisoned by a gnoll sergeant]
  9314 | D:8      | Succumbed to a gnoll sergeant's poison

Levels and vault maps discovered:
D:1:      lemuel_arrival_behind_the_door_small, layout_basic, serial_shops,
          nicolae_shop_hallway_plus, minmay_gold_behind_fungi,
          minmay_lizard_king
D:2:      layout_rooms, basic_altar, serial_shops, nicolae_shop_crystal,
          patterned_corridor
D:3:      layout_loops_ring, shapermc_ecumenical_altar_totnotflames,
          bh_walls_and_bars
D:4:      layout_basic, minmay_temple_entry_junction_2, portal_sewer_entry_e,
          minmay_statues_item
D:5:      minmay_octagon_keep, layout_basic, nicolae_figureground_sparkle,
          uniq_prince_ribbit1, uniq_sigmund
D:6:      layout_loops_ring, chequers_temple_overflow_minitemple
D:7:      layout_basic, kennysheep_little_box, uniq_pikel
D:8:      layout_rooms, nicolae_overflow_two_pavilions
Temple:   regret_index_temple_sphere_string

Skill      XL: |  1  2  3  4  5  6  7  8  9 10 |
---------------+-------------------------------+-----
Axes           | 3 4 5 7 9 11 12 | 12.1
Armour         | 3 5 |  5.9
Fighting       | 3 4 5 6 |  6.0
Invocations    | 2 4 5 |  5.0
Dodging        | 3 |  3.1
Throwing       | 4 |  4.1
Spellcasting   | |  2.0
Translocations | |  2.4

Action                   |  1- 3 |  4- 6 |  7- 9 | 10-12 || total
-------------------------+-------+-------+-------+-------++-------
Melee: Hand axe          |    78 |    58 |       |       ||   136
       Kick              |    19 |    36 |    85 |    41 ||   181
       Peck              |    10 |    17 |    45 |    22 ||    94
       Punch             |     1 |     2 |     6 |     3 ||    12
       War axe           |       |    57 |   240 |   119 ||   416
Throw: Boomerang         |    15 |    62 |    29 |       ||   106
       Javelin           |       |       |     7 |     7 ||    14
Invok: Heroism           |       |       |    17 |     6 ||    23
  Use: Scroll            |     4 |     4 |     6 |     2 ||    16
       Potion            |     1 |     6 |     6 |     1 ||    14
Armor: Leather armour    |    24 |     1 |       |       ||    25
       Chain mail        |       |    31 |    89 |    24 ||   144
       Plate armour      |       |       |       |    21 ||    21
Dodge: Dodged            |    43 |    57 |   138 |    58 ||   296

Table legend:
 A = Non-vault XP
 B = Vault XP
 C = Vault XP percentage of total XP
 D = Non-vault monster count
 E = Vault monster count
 F = Vault count percentage of total count
                 A         B        C        D         E       F
            +---------+---------+-------+---------+---------+-------
      Total |    5548 |    1856 |  25.1 |     155 |      32 |  17.1
            +---------+---------+-------+---------+---------+-------
        D:1 |      48 |       8 |  14.3 |      18 |       8 |  30.8
        D:2 |      44 |       0 |   0.0 |      17 |       0 |   0.0
        D:3 |      39 |       0 |   0.0 |      15 |       0 |   0.0
        D:4 |     311 |      37 |  10.6 |      20 |       8 |  28.6
        D:5 |     220 |    1182 |  84.3 |      13 |      15 |  53.6
        D:6 |    1149 |       0 |   0.0 |      21 |       0 |   0.0
        D:7 |    2687 |     629 |  19.0 |      35 |       1 |   2.8
        D:8 |    1050 |       0 |   0.0 |      16 |       0 |   0.0
            +---------+---------+-------+---------+---------+-------
